 Dungeon Crawl Stone Soup version 0.17.0-28-g6e173f8 (webtiles) character file.

50 Wardy the Grasshopper (level 3, -6/28 (30) HPs)
             Began as a Ghoul Warper on Nov 24, 2015.
             Killed by miscasting Blink (8 damage)
             ... on level 2 of the Dungeon.
             The game lasted 00:18:01 (1659 turns).

Wardy the Grasshopper (Ghoul Warper)                Turns: 1659, Time: 00:18:01

HP:   -6/28 (30)    AC: 11    Str: 14    XL:     3   Next: 79%
MP:   1/5           EV:  4    Int:  9    God:
Gold: 52            SH:  0    Dex:  8    Spells: 3 memorised, 1 level left

rFire  . . .     SeeInvis .     w - +0 hand axe
rCold  + . .     Clarity  .     u - +0 plate armour
rNeg   + + +     SustAt   .     (no shield)
rPois  ∞         Gourm    .     (no helmet)
rElec  .         Spirit   .     (no cloak)
rCorr  .         Warding  .     v - +0 pair of gloves
rMut   .         Stasis   .     (no boots)
MR     .....                    (no amulet)
Stlth  ..........               (no ring)
                                (no ring)

@: very slightly contaminated, rotting, not resistant to hostile enchantments,
extremely unstealthy
A: rotting body, claws 1, carnivore 3, cold resistance 1, negative energy
resistance 3, slow regeneration 1, torment resistance, unbreathing
a: no special abilities


You were on level 2 of the Dungeon.
You were not hungry.

You visited 1 branch of the dungeon, and saw 2 of its levels.

You collected 52 gold pieces.

Inventory:

Hand Weapons
 a - a +0 hand axe
 w - a +0 hand axe (weapon)
Missiles
 l - 13 arrows of frost (quivered)
Armour
 b - a +0 leather armour
 k - a +0 plate armour
 u - a +0 plate armour (worn)
 v - a +0 pair of gloves (worn)
Jewellery
 n - a cursed ring of loudness {unknown}
Scrolls
 d - 2 scrolls of blinking
 h - a scroll of identify {unknown}
 j - a scroll of random uselessness {unknown}
 m - a scroll of teleportation {unknown}
 p - a scroll of enchant armour {unknown}
 r - a scroll of recharging {unknown}
 t - a scroll of remove curse {unknown}
Potions
 e - a potion of haste {unknown}
 g - a potion of brilliance {unknown}
 i - a potion of magic {unknown}
 q - a potion of curing {unknown}
 s - a potion of ambrosia {unknown}
Books
 c - a book of Spatial Translocations

   Spells                             Type                      Level
   a - Apportation                    Translocation                1
   b - Blink                          Translocation                2
   c - Shroud of Golubria             Charms/Translocation         2
   d - Portal Projectile              Translocation                3
   e - Teleport Other                 Translocation                3
   f - Passage of Golubria            Translocation                4
Comestibles
 f - 2 meat rations


   Skills:
 + Level 2.5 Fighting
 + Level 1.8 Axes
 - Level 0.8 Throwing
 - Level 1.0 Armour
 - Level 1.8 Dodging
 + Level 2.2 Spellcasting
 * Level 3.6 Translocations


You had one spell level left.
You knew the following spells:

 Your Spells              Type           Power        Failure   Level  Hunger
a - Apportation           Tloc           #.........   100%        1    ##.....
b - Blink                 Tloc           N/A          100%        2    ###....
c - Shroud of Golubria    Chrm/Tloc      #.........   100%        2    ###....


Dungeon Overview and Level Annotations

Branches:
Dungeon (2/15)

Altars:


Innate Abilities, Weirdness & Mutations

Your body is rotting away.
You thrive on raw meat.
You are immune to poison.
You have sharp fingernails.
You are carnivorous and can eat meat at any time.
Your flesh is cold resistant.
You are immune to negative energy.
You regenerate slowly when monsters are visible.
You are immune to unholy pain and torment.
You can survive without breathing.


Message History

The gnoll hits you but does no damage. The quokka bites you.
* * * LOW HITPOINT WARNING * * *
The adder barely misses you. The quokka barely misses you.
The gnoll hits you from afar with a spear.
* * * LOW HITPOINT WARNING * * *
The adder closely misses you. The adder bites you but does no damage.
The adder bites you but does no damage. The adder bites you but does no damage.
There is a shaft here.
The adder falls through a shaft!
The shaft crumbles and collapses.
There is a stone staircase leading down here.
The quokka bites you but does no damage.
Casting: Blink
Confirm with . or Enter, or press ? or * to list all spells.
The spell is very dangerous to cast!
Continue anyway?
You miscast Blink.
You are caught in a localised field of spatial distortion.
You die...

#####.#......# #...# ##
#..#####.## ###.#### #g ##
##.#####..#####....#### #. .##
#..#.....##.....#....####. ..##
##...............###...##. ...#
#................####..#. ...#
#................# ###... ...#
#..............g.###....# ..##
#.......@r..g...>....##.#
..#######................######..
........#................### ##..
...####....>...............###..#
...########.....##...............
........##########...#...........
.........## #.###.##....####
..........# #####.#...##.##.####
..........# #.......####.##.....


You could see 2 gnolls and a quokka.

Vanquished Creatures
  2 gnolls (D:2)
  A giant cockroach (D:2)
  4 goblins
  5 hobgoblins
  3 jackals (D:1)
  3 kobolds (D:1)
  5 bats (D:1)
  A giant newt (D:2)
  7 rats
31 creatures vanquished.

Notes
Turn   | Place    | Note
--------------------------------------------------------------
     0 | D:1      | Wardy the Ghoul Warper began the quest for the Orb.
     0 | D:1      | Reached XP level 1. HP: 17/17 MP: 2/2
   240 | D:1      | Reached skill level 1 in Armour
   319 | D:1      | Reached skill level 3 in Translocations
   319 | D:1      | Reached XP level 2. HP: 24/24 MP: 3/3
   324 | D:1      | Learned a level 2 spell: Blink
   592 | D:1      | Learned a level 2 spell: Shroud of Golubria
   602 | D:1      | Reached XP level 3. HP: 19/30 MP: 5/5
  1633 | D:2      | HP: 1/28 [gnoll/spear (3)]
  1659 | D:2      | Killed by miscasting Blink

Action                   || total
-------------------------++-------
Melee: Hand axe          ||   130
Throw: Tomahawk          ||     5
 Cast: Apportation       ||     1
       Blink             ||     2
       Shroud of Golubri ||     1
  Eat: Chunk             ||     2
       Beef jerky        ||     1
